cohdb
Replays
Latest Replays
All Replays
Popular Replays
Top Player Replays
Match Explorer
How It Works
Community
CoH3 Stats
Reddit
Sign in to upload your games and track your stats! →
Sign in with Steam
Match 37837535
Unlisted
Match 37837535
Overview
Messages
Build Orders
End
Kettenkrad Recon Vehicle
Selects Mechanized Battlegroup
Construct Infanterie Kompanie
Grenadier Squad
MG 42 Machine Gun Team
Grenadier Squad
Construct Luftwaffe Kompanie
221 Scout Car
Selects Raid Package
Jäger Squad
Selects 8 Rad Armored Car
8 Rad Armored Car
Medical Station
Selects Spotting Scopes
Selects Mobile Repair Stations
Jäger Squad
BIOHAZARD
samablitt
0
0
Comments
sign in to comment!
No comments posted yet!